 Dungeon Crawl Stone Soup version 0.30.0-5-g1a98f26d00 (webtiles) character file.

Game seed: 16368909930245474083

5065 buriedalive the Frost Mage (level 10, 0/60 (65) HPs)
             Began as a Deep Elf Ice Elementalist on May 8, 2023.
             Was an Initiate of Kikubaaqudgha.
             Slain by a yak (6 damage)
             ... on level 7 of the Dungeon.
             The game lasted 00:24:24 (9809 turns).

buriedalive the Frost Mage (DEIE)                   Turns: 9809, Time: 00:24:25

HP:   0/60 (65)     AC: 11    Str:  5    XL:     10   Next: 31%
MP:   10/21         EV: 17    Int: 25    God:    Kikubaaqudgha [......]
Gold: 724           SH:  0    Dex: 20    Spells: 10/21 levels left

rFire   + . .        r - +1 whip of the Lost Towns {vamp, rElec rPois Dex+3}
rCold   + . .        (no shield)
rNeg    + . .        v - +2 robe {rC+ rF+}
rPois   +            i - +1 helmet
rElec   +            (no cloak)
rCorr   .            z - +2 pair of gloves
SInv    .            o - +1 pair of boots of Quantum Leap {rElec rN+ Dex+2 Slay-3}
Will    +....        (no amulet)
Stlth   ++           (no ring)
HPRegen 0.30/turn    (no ring)
MPRegen 0.17/turn

%: no passive effects
@: mighty, freezing walls, drained
A: no striking features
a: Renounce Religion


You were on level 7 of the Dungeon.
You worshipped Kikubaaqudgha.
Kikubaaqudgha was noncommittal.
You visited 2 branches of the dungeon, and saw 9 of its levels.

You collected 1061 gold pieces.
You spent 337 gold pieces at shops.

Inventory:

Hand Weapons
 e - a +0 dagger
 r - the +1 whip of the Lost Towns (weapon) {vamp, rElec rPois Dex+3}
   (You found it on level 3 of the Dungeon)

   Dex:       It affects your dexterity (+3).
   rElec:     It insulates you from electricity.
   rPois:     It protects you from poison.
 u - a +3 vampiric whip
Missiles
 d - 94 stones
 h - 10 poisoned darts
 w - a throwing net
Armour
 i - a +1 helmet (worn)
 m - the +0 pair of boots "Sysk" {rF+}
   (You bought it in a shop on level 5 of the Dungeon)

   rF:        It protects you from fire.
 n - +0 fire dragon scales
 o - the +1 pair of boots of Quantum Leap (worn) {rElec rN+ Dex+2 Slay-3}
   (You found it on level 3 of the Dungeon)

   Dex:       It affects your dexterity (+2).
   Slay:      It affects your accuracy & damage with ranged weapons and melee
   (-3).
   rElec:     It insulates you from electricity.
   rN:        It protects you from negative energy.
 q - a +0 leather armour of willpower
 v - a +2 robe of resistance (worn)
 z - a +2 pair of gloves (worn)
Magical Staves
 t - a staff of earth
Jewellery
 a - a ring of flight
Wands
 f - a wand of charming (8)
 y - a wand of flame (9)
Scrolls
 c - 3 scrolls of amnesia
 k - 2 scrolls of fog
 l - 3 scrolls of enchant weapon
Potions
 b - a potion of might
 g - a potion of ambrosia
 j - a potion of flight
 p - 2 potions of attraction
 s - 5 potions of curing {unknown}
 x - 2 potions of lignification {unknown}
 A - a potion of magic
 B - 2 potions of brilliance {unknown}


   Skills:
 - Level 8.8 Fighting
 + Level 8.2 Dodging
 - Level 2.4 Stealth
 + Level 6.2 Spellcasting
 + Level 6.3 Summonings
 - Level 12.1 Ice Magic


You had 10 spell levels left.
You knew the following spells:

 Your Spells              Type           Power      Damage    Failure   Level
a - Freeze                Ice            100%       1d10      1%          1
b - Ozocubu's Armour      Ice            62%        N/A       1%          3
c - Frozen Ramparts       Ice            100%       1d16      1%          3
d - Summon Ice Beast      Ice/Summ       52%        N/A       1%          4

Your spell library contained the following spells:

 Spells                   Type           Power      Damage    Failure   Level
 Slow                     Hex            28%        N/A       8%          1
 Confusing Touch          Hex            7%         N/A       22%         3
 Vampiric Draining        Necr           7%         2d6       22%         3
 Ozocubu's Refrigeration  Ice            31%        4d14      38%         7
 Simulacrum               Ice/Necr       19%        N/A       67%         6
 Polar Vortex             Ice            31%        N/A       100%        9


Dungeon Overview and Level Annotations

Branches:
Dungeon (8/15)             Temple (1/1) D:7
   Lair: D:8-11

Altars:
Ashenzari
Cheibriados
Dithmenos
Elyvilon
Fedhas
Gozag
Hepliaklqana
Kikubaaqudgha
Nemelex Xobeh
Okawaru
Ru
Sif Muna
Trog
Uskayaw
Vehumet
Wu Jian
Xom
Yredelemnul
Zin
The Shining One

Shops:
D:1 *   D:2 *(!   D:4 [   D:5 *


Message History

Casting: Frozen Ramparts (safe; 1% risk of failure)
Confirm with . or Enter, or press ? or * to list all spells.
Aiming: Freeze (safe; 1% risk of failure)
Press: ? - help, Shift-Dir - straight line, f - bullfrog
Aim: a bullfrog (heavily wounded)
You freeze the bullfrog!
The bullfrog is almost dead.
The bullfrog seems to slow down.
The wall freezes the yak!
The wight resists.
The wall freezes the wight.
The wight hits you with a +2 battleaxe of electrocution!
* * * LOW HITPOINT WARNING * * *
You partially resist.
You feel drained.
* * * LOW HITPOINT WARNING * * *
The wight closely misses your ice beast.
The wall freezes the bullfrog.
You kill the bullfrog!
Kikubaaqudgha accepts your kill.
Your ice beast closely misses the wight.
You feel very mighty all of a sudden.
The wall freezes the yak.
The yak gores you but does no damage.
The wall freezes the yak!
The yak gores you but does no damage.
The wight resists.
The wall freezes the wight.
The wight closely misses you. The wight misses your ice beast.
Your ice beast hits the wight but does no damage.
You barely miss the wight.
The wight is heavily damaged.
The wall freezes the yak.
The yak gores you!
* * * LOW HITPOINT WARNING * * *
The wall freezes the yak.
The yak gores you but does no damage.
The wight resists.
The wall freezes the wight.
The wight barely misses you.
The wight hits your ice beast with a +2 battleaxe of electrocution!
Lightning courses through your ice beast!
Your ice beast closely misses the wight.
You whack the wight!
You destroy the wight!
Kikubaaqudgha accepts your kill.
The wall freezes the yak but does no damage.
The yak gores you.
You die...
Kikubaaqudgha rasps: "You have failed me!
Welcome... death!"

Y.#..PPPP......PPPPP..._.....#...
.Y.....PPP...PPP.....#......##...
.........PP.P....########)####...
...............######...#.# #...
#####....###.)#.....'...#.######.
#....# #.#....###...#.#....).
#........# #[#...Y# ##...........
#.).....## #.#.†)Y####...........
#.....Y.# #.###@Y.).#..<#.......
#..#'#..# #.# #####†#...#.######
#..#_ ..# #.## #.#...#.# #. #'
..# ##..### #.#...#.# #. .. .##
#.....# #.#...#.#
#...#.####.#...#.######
#...#........>.#.##....
##########.#.#.#.##....
#.#.#.#.##....


You could see 2 yaks and a friendly ice beast (summoned).

Vanquished Creatures
  Maggie (D:6)
  Sigmund (D:6)
  A steam dragon (D:7)
  A yak (D:8)
  Eustachio (D:4)
  Menkaure (D:4)
  Edmund (D:4)
  Duvessa (D:4)
  2 ice beasts
  2 orc warriors (D:8)
  2 black bears (D:5)
  An ogre (D:6)
  A centaur (D:6)
  2 lemures (D:6)
  A kobold brigand (D:6)
  2 bullfrogs
  5 scorpions
  6 wights
  Dowan (D:4)
  2 centaur zombies (D:8)
  3 hounds
  6 orc priests
  2 iguanas
  Ijyb (D:4)
  2 orc wizards (D:8)
  10 gnolls
  5 adders
  A shadow imp (D:7)
  A white imp (D:6)
  2 ufetubi (D:4)
  A worm (D:3)
  A dart slug (D:2)
  20 orcs
  6 endoplasms
  2 giant cockroaches
  8 goblins
  4 hobgoblins
  2 jackals (D:3)
  4 quokkas
  9 ball pythons
  4 bats
  3 frilled lizards
  10 kobolds
  3 rats
145 creatures vanquished.

Vanquished Creatures (collateral kills)
  Pikel (D:6)
  A yak (D:7)
  A sky beast (D:7)
  A hornet zombie (D:8)
  2 phantoms
  5 wights
  A centaur zombie (D:8)
  A hound (D:7)
  An orc wizard (D:6)
  A gnoll (D:6)
  A howler monkey zombie (D:8)
  A white imp (D:6)
  4 orcs
21 creatures vanquished.

Grand Total: 166 creatures vanquished

Notes
Turn   | Place    | Note
-------+----------+-------------------------------------------
     0 | D:1      | buriedalive the Deep Elf Ice Elementalist began the quest
                  | for the Orb.
     0 | D:1      | Reached XP level 1. HP: 10/10 MP: 6/6
    27 | D:1      | Found a faded altar of an unknown god.
   474 | D:1      | Reached XP level 2. HP: 15/15 MP: 6/8
   622 | D:1      | Found Maqofrat's Assorted Antiques.
   773 | D:2      | Found Feokaops's Distillery.
   843 | D:2      | Found Qaytruda's Antique Weapon Boutique.
  1343 | D:2      | Reached XP level 3. HP: 19/19 MP: 10/10
  1413 | D:2      | Found Rulaiwn's General Store.
  1433 | D:2      | Bought a scroll of enchant armour for 90 gold pieces
  1484 | D:2      | Found a sacrificial altar of Ru.
  1943 | D:3      | Reached XP level 4. HP: 11/36 MP: 11/11
  1965 | D:3      | Learned a level 3 spell: Ozocubu's Armour
  1969 | D:3      | Learned a level 3 spell: Frozen Ramparts
  2026 | D:3      | Found a shimmering blue altar of Sif Muna.
  2512 | D:3      | Identified the +1 pair of boots of Quantum Leap {rElec rN+
                  | Dex+2 Slay-3}
  2606 | D:3      | Identified the +1 whip of the Lost Towns {vamp, rElec rPois
                  | Dex+3}
  2763 | D:4      | Noticed Eustachio
  2777 | D:4      | Noticed Ijyb
  2785 | D:4      | Found an ornate altar of the Wu Jian Council.
  2785 | D:4      | Noticed Duvessa
  2787 | D:4      | Noticed Dowan
  2796 | D:5      | Entered Level 5 of the Dungeon
  2796 | D:5      | Noticed a scorpion
  2796 | D:5      | Noticed a scorpion
  2796 | D:5      | Noticed a black bear
  2806 | D:4      | Killed Ijyb
  2807 | D:4      | Reached skill level 5 in Ice Magic
  2807 | D:4      | Reached XP level 5. HP: 34/40 MP: 6/13
  2840 | D:4      | Killed Duvessa
  2841 | D:4      | Reached XP level 6. HP: 29/45 MP: 11/14
  2882 | D:4      | Killed Dowan
  2901 | D:4      | Reached skill level 12 in Ice Magic
  2901 | D:4      | Reached XP level 7. HP: 49/50 MP: 15/15
  2909 | D:4      | Learned a level 4 spell: Summon Ice Beast
  2933 | D:4      | Killed Eustachio
  3030 | D:4      | Found Vumeur's Armour Shop.
  3084 | D:4      | Noticed Menkaure
  3103 | D:4      | Reached skill level 1 in Summonings
  3105 | D:4      | Killed Menkaure
  3106 | D:4      | Reached skill level 5 in Spellcasting
  3111 | D:4      | Noticed Edmund
  3388 | D:4      | Killed Edmund
  3389 | D:4      | Reached XP level 8. HP: 56/56 MP: 6/17
  3532 | D:4      | You fall into a shaft and drop 3 floors!
  3666 | D:7      | Reached skill level 5 in Dodging
  3905 | D:7      | Found a shadowy altar of Dithmenos.
  4056 | D:7      | Found a shimmering altar of Xom.
  5285 | D:8      | Reached XP level 9. HP: 55/57 MP: 7/18
  5834 | D:7      | Found a hide-covered altar of Uskayaw.
  5971 | D:6      | Noticed Pikel
  6004 | D:6      | Killed Pikel
  6005 | D:6      | Reached skill level 5 in Summonings
  6188 | D:6      | Noticed Maggie
  6203 | D:6      | Killed Maggie
  6922 | D:5      | Found Xejoitor's Assorted Antiques.
  6942 | D:5      | Bought a pair of smoking boots for 247 gold pieces
  6942 | D:5      | Identified the +0 pair of boots "Sysk" {rF+} (You bought it
                  | in a shop on level 5 of the Dungeon)
  7224 | D:5      | Identified the +9 plate armour "Guazeboh" {-Tele rF++}
  7392 | D:5      | Found a snail-covered altar of Cheibriados.
  7392 | D:5      | Found a basalt altar of Yredelemnul.
  7761 | D:6      | Identified 2 scrolls of acquirement
  7761 | D:6      | Acquired a book of Ice
  7872 | D:6      | Noticed Sigmund
  7877 | D:6      | Killed Sigmund
  7878 | D:6      | Reached XP level 10. HP: 65/65 MP: 13/20
  8083 | D:6      | Acquired 619 gold pieces
  8976 | D:7      | Found a staircase to the Ecumenical Temple.
  8982 | Temple   | Entered the Ecumenical Temple
  9069 | Temple   | Became a worshipper of Kikubaaqudgha
  9418 | D:7      | Found a sparkling altar of Nemelex Xobeh.
  9809 | D:7      | Slain by a yak

Illustrated notes

Levels and vault maps discovered:
D:1:      ncdulo_wetmaze, layout_loops_ring, serial_shops, shop,
          ebering_ecumenical_altar_rust
D:2:      layout_basic, basic_altar, serial_shops, nicolae_lakefront_shop, shop,
          shop
D:3:      layout_loops_cross, mainiacjoe_overflow_concentric_impassable,
          hangedman_glass_teeth
D:4:      layout_cave_pools, lemuel_tele_altar, serial_shops, shop, uniq_ijyb,
          uniq_eustachio, uniq_edmund, uniq_menkaure, uniq_duvessa
D:5:      layout_rooms, mainiacjoe_overflow_divided_tiny, serial_shops,
          nicolae_shop_overgrown_old_shop
D:6:      layout_basic, uniq_sigmund, uniq_pikel, uniq_maggie
D:7:      layout_basic, mainiacjoe_overflow_chevrons,
          mainiacjoe_overflow_catch_the_wave, kennysheep_mini_moat,
          minmay_temple_entry_gardened_gates, kennysheep_generic_room_9
D:8:      layout_loops_corners, serial_undead, serial_undead_d, serial_undead_e,
          serial_undead_b, serial_undead_f
Temple:   nicolae_temple_hex_pool

Skill      XL: |  1  2  3  4  5  6  7  8  9 10 |
---------------+-------------------------------+-----
Dodging        | 3 4 6 7 8 |  8.2
Fighting       | 8 |  8.8
Spellcasting   | 4 5 6 |  6.2
Ice Magic      | 5 12 | 12.1
Summonings     | 1 4 5 6 |  6.3
Stealth        | |  2.4

Action                     |  1- 3 |  4- 6 |  7- 9 | 10-12 || total
---------------------------+-------+-------+-------+-------++-------
  Melee: Dagger            |    39 |    16 |       |       ||    55
         Whip              |       |    13 |   231 |   133 ||   377
         Punch             |       |     1 |     5 |     3 ||     9
   Cast: Freeze            |    29 |    28 |    55 |     6 ||   118
         Frozen Ramparts   |       |     4 |    30 |     9 ||    43
         Ozocubu's Armour  |       |     1 |    35 |     6 ||    42
         Summon Ice Beast  |       |       |    13 |    14 ||    27
    Use: Scroll            |     3 |     3 |     6 |     4 ||    16
         Potion            |     1 |     3 |     2 |     1 ||     7
   Stab: Sleeping          |     6 |     3 |     1 |       ||    10
         Distracted        |       |       |     3 |     1 ||     4
 Armour: Robe              |    11 |     6 |    25 |    52 ||    94
         Leather armour    |       |    14 |    97 |       ||   111
  Dodge: Dodged            |    32 |    51 |   274 |   123 ||   480
